 Dungeon Crawl Stone Soup version 0.25.0-9-g26727b657a (webtiles) character file.

Game seed: 978024523391298219

240 Froggeryz the Ruffian (level 6, -9/40 HPs)
             Began as a Gargoyle Monk on June 17, 2020.
             Mangled by an ogre
             ... wielding a +0 giant club
              (10 damage)
             ... on level 3 of the Dungeon.
             The game lasted 00:03:31 (2694 turns).

Froggeryz the Ruffian (Gargoyle Monk)               Turns: 2694, Time: 00:03:32

Health: -9/40      AC:  8    Str: 15    XL:     6   Next: 8%
Magic:  6/6        EV: 12    Int: 12    God:
Gold:   106        SH:  0    Dex: 12    Spells: 5/5 levels left

rFire    . . .     SeeInvis .     - Unarmed
rCold    . . .     Gourm    .   (no shield)
rNeg     + + .     Faith    .   e - +2 robe {MR+}
rPois    ∞         Spirit   .   (no helmet)
rElec    +         Reflect  .   (no cloak)
rCorr    .         Harm     .   (no gloves)
MR       +....                  (no boots)
Stlth    ++........             (no amulet)
HPRegen  0.13/turn              i - ring of positive energy
MPRegen  0.10/turn              (no ring)

@: no status effects
A: negative energy resistance 1, electricity resistance, unbreathing,
petrification resistance, rot immunity, AC +4
a: no special abilities


You were on level 3 of the Dungeon.
You were not hungry.

You visited 1 branch of the dungeon, and saw 4 of its levels.

You collected 106 gold pieces.

Inventory:

Armour
 e - a +2 robe of magic resistance (worn)
 n - a cursed +0 ring mail
Jewellery
 i - a ring of positive energy (left hand)
 l - a +6 ring of intelligence {unknown}
Scrolls
 d - 5 scrolls of identify {unknown}
 f - a scroll of remove curse {unknown}
 h - a scroll of blinking {unknown}
 k - 2 scrolls of magic mapping {unknown}
Potions
 c - a potion of ambrosia {unknown}
 g - a potion of flight {unknown}
 j - a potion of curing
 m - a potion of heal wounds {unknown}
 o - a potion of degeneration {unknown}
Comestibles
 b - 2 rations
 p - 7 chunks of flesh


   Skills:
 + Level 4.9 Fighting
 - Level 2.4 Dodging
 - Level 2.1 Stealth
 - Level 5.6 Unarmed Combat


You had 5 spell levels left.
You didn't know any spells.
Your spell library was empty.

Dungeon Overview and Level Annotations

Branches:
Dungeon (4/15)
 Temple: D:4-7

Altars:
Fedhas


Innate Abilities, Weirdness & Mutations

You are resistant to torment.
Your stone body is resilient. (AC +4)
You are immune to poison.
You resist negative energy. (rN+)
You are resistant to electric shocks. (rElec)
You can survive without breathing.
You are immune to petrification.
You are immune to rotting.


Message History

You closely miss the rat. You punch the rat!
You kill the rat!
You punch the ogre!
The ogre is moderately wounded.
The ogre hits you with a +0 giant club!
You hit the ogre but do no damage.
The ogre is moderately wounded.
The ogre misses you.
You hit the ogre.
The ogre is heavily wounded.
You hit the ogre but do no damage.
The ogre is heavily wounded.
The ogre hits you with a +0 giant club!!
Ouch! That really hurt!
* * * LOW HITPOINT WARNING * * *
Okay, then.
It was a potion of cancellation.
You feel magically purged. The ogre hits you with a +0 giant club!
You die...

........#.#..##.#####)..<.....###
.####...#.#>.........#.#.#.#.#...
.# #...#.##.##..#.###.#####.####
.# ###.#.##.##..#...... ... .#
#.#.##.##..######## ##### .#
#.#.##.##.......... .#
#.#.##.###.######## .#
#.#.##.###.# .# #.#......#@# .#
#......#.#O# .# ##########.#.# .#
#........#.#.# .####.######.#.#†#
. ......#### #.#.#.######..o
######...# #.#.#....O.....
#.......# #.#.##.?.......
#.###...# #.#.##.††......


You could see an ogre.

Vanquished Creatures
  A crimson imp (D:4)
  An orc wizard (D:4)
  Terence (D:3)
  8 adders
  3 dart slugs
  2 leopard geckos
  5 orcs
  A ball python (D:2)
  3 giant cockroaches
  8 goblins
  8 hobgoblins
  8 jackals
  3 kobolds (D:1)
  A quokka (D:3)
  10 bats
  A frilled lizard (D:3)
  11 rats
75 creatures vanquished.

Notes
Turn   | Place    | Note
-------+----------+-------------------------------------------
     0 | D:1      | Froggeryz the Gargoyle Monk began the quest for the Orb.
     0 | D:1      | Reached XP level 1. HP: 14/14 MP: 1/1
    92 | D:1      | Reached XP level 2. HP: 15/19 MP: 2/2
   445 | D:1      | Reached XP level 3. HP: 18/24 MP: 3/3
   823 | D:2      | Reached skill level 4 in Unarmed Combat
   912 | D:2      | Reached XP level 4. HP: 15/29 MP: 4/4
  1410 | D:2      | Found a blossoming altar of Fedhas.
  1834 | D:3      | Noticed Terence
  1844 | D:3      | Killed Terence
  2005 | D:3      | Reached XP level 5. HP: 31/34 MP: 5/5
  2019 | D:3      | Reached skill level 5 in Unarmed Combat
  2494 | D:3      | Reached XP level 6. HP: 40/40 MP: 6/6
  2690 | D:3      | HP: 1/40 [ogre/+0 giant club (23)]
  2694 | D:3      | Mangled by an ogre

Illustrated notes

Levels and vault maps discovered:
D:1:      minmay_arrival_open_corners, layout_loops_ring
D:2:      layout_basic, fedhas_ov_isle_minmay
D:3:      layout_basic, st_stairs_9, uniq_robin, uniq_terence
D:4:      minmay_spotlight, layout_rooms, minmay_temple_entry_hall,
          first_ration, nemelex_spade_bored_becter

Skill      XL: |  1  2  3  4  5 |
---------------+----------------+-----
Unarmed Combat | 4 5 |  5.6
Fighting       | 4 |  4.9
Dodging        | |  2.4
Stealth        | |  2.1

Action                   |  1- 3 |  4- 6 || total
-------------------------+-------+-------++-------
Melee: Unarmed           |   144 |   149 ||   293
       Punch             |     1 |     5 ||     6
  Use: Potion            |       |     2 ||     2
 Stab: Sleeping          |     6 |       ||     6
       Distracted        |     1 |       ||     1
  Eat: Chunk             |       |     6 ||     6
Armor: Robe              |    63 |    57 ||   120
Dodge: Dodged            |   107 |    79 ||   186
